 Dungeon Crawl Stone Soup version 0.27.1-2-g3b301248ec (webtiles) character file.

Game seed: 7632151736924479663

244 Borgoz the Covered (level 6, -1/39 HPs)
             Began as a Gargoyle Fighter on Sept 28, 2021.
             Slain by an orc (2 damage)
             ... on level 4 of the Dungeon.
             The game lasted 00:03:50 (4039 turns).

Borgoz the Covered (Gargoyle Fighter)               Turns: 4039, Time: 00:03:51

Health: -1/39      AC: 11    Str: 20    XL:     6   Next: 10%
Magic:  6/6        EV:  7    Int:  8    God:
Gold:   219        SH:  9    Dex: 11    Spells: 5/5 levels left

rFire    . . .     SeeInvis .   a - +0 flail
rCold    + + .     Faith    .   c - +0 kite shield
rNeg     + . .     Spirit   .   b - +0 scale mail
rPois    ∞         Reflect  .   (no helmet)
rElec    +         Harm     .   (no cloak)
rCorr    .         Rampage  .   (no gloves)
Will     .....                  (no boots)
Stlth    ..........             (no amulet)
HPRegen  0.13/turn              h - ring of protection from cold
MPRegen  0.10/turn              m - ring of protection from cold

@: mighty
A: sickness immunity, AC +4, negative energy resistance 1, electricity
resistance, torment resistance 1, petrification resistance
a: no special abilities


You were on level 4 of the Dungeon.
You visited 1 branch of the dungeon, and saw 4 of its levels.

You collected 219 gold pieces.

Inventory:

Hand Weapons
 a - a +0 flail (weapon)
Armour
 b - a +0 scale mail (worn)
 c - a +0 kite shield (worn)
Jewellery
 h - a ring of protection from cold (left hand)
 m - a ring of protection from cold (right hand)
Wands
 f - a wand of paralysis (2)
Scrolls
 e - 2 scrolls of teleportation
Potions
 d - a potion of might
 g - 2 potions of haste
 l - a potion of magic {unknown}


   Skills:
 * Level 4.6 Fighting
 * Level 3.3 Maces & Flails
 * Level 4.7 Armour
 + Level 1.2 Dodging
 + Level 3.8 Shields
 + Level 0.5 Evocations


You had 5 spell levels left.
You didn't know any spells.
Your spell library contained the following spells:

 Spells                   Type           Power      Damage    Failure   Level
 Animate Skeleton         Necr           0%         N/A       99%         1
 Apportation              Tloc           0%         N/A       99%         1
 Corona                   Hex            0%         N/A       99%         1
 Foxfire                  Conj/Fire      0%         2x1d4     99%         1
 Summon Small Mammal      Summ           0%         N/A       99%         1


Dungeon Overview and Level Annotations

Branches:
Dungeon (4/15)
 Temple: D:4-7

Altars:
Kikubaaqudgha
Sif Muna
Trog
Zin

Shops:
D:1 *


Innate Abilities, Weirdness & Mutations

You are immune to sickness and miasma.
Your stone body is resilient. (AC +4)
You are immune to poison.
You resist negative energy. (rN+)
You are resistant to electric shocks. (rElec)
You are resistant to unholy torment.
You are immune to petrification.


Message History

You feel agile.
You closely miss the orc priest. You block the orc's attack.
You block the orc priest's attack. The orc completely misses you.
The orc hits you with a +0 falchion. The orc priest barely misses you.
Your shield and scale mail prevent you from hitting the orc priest.
The orc closely misses you. You block the orc's attack.
The orc priest calls down the wrath of Beogh upon you.
Pain shoots through your body! You block the orc's attack.
You barely miss the orc priest. You block the orc's attack.
The orc priest hits you with a +0 club. You block the orc's attack.
The orc hits you with a +0 falchion.
* * * LOW HITPOINT WARNING * * *
The orc priest barely misses you.
You hit the orc priest.
The orc priest is lightly wounded.
You block the orc's attack. x2; The orc priest hits you with a +0 club.
* * * LOW HITPOINT WARNING * * *
The orc barely misses you.
Okay, then.
You closely miss the orc priest.
The orc priest is lightly wounded.
The orc barely misses you.
The orc priest mumbles some strange prayers to Beogh against you.
You barely resist. You block the orc's attack.
The orc hits you but does no damage.
The orc priest hits you but does no damage.
You barely miss the orc priest.
The orc priest is lightly wounded.
You block the orc's attack. The orc closely misses you.
The orc priest hits you with a +0 club.
* * * LOW HITPOINT WARNING * * *
You sock the orc priest!
The orc priest is almost dead.
The orc hits you but does no damage. x2
The orc priest begins to cast a cantrip, but forgets the words!
The orc barely misses you.
You hit the orc priest.
You kill the orc priest!
The orc hits you with a +0 falchion.
You die...

.## .... .. ...## ...
..# #....### ..# ..#
#....# ≈≈≈ #.. #..# #...
≈≈≈P ..###..# #.< ≈≈≈≈
#..#...# #.. ≈≈≈≈
#)oo..# ##.# ≈≈≈≈
##@)..## ##..# ≈≈≈≈
#####......## ##...#
≈≈≈≈ .............#
##..... ≈≈≈≈≈≈
.......#.....## ##......
≈≈≈≈≈≈
...######.....###.......
≈≈≈≈≈≈P ##
#...............
≈≈≈≈≈P≈♣
##..#####.......
≈≈≈≈≈≈≈P♣## #..##
###..... ≈≈≈≈≈PP♣..##
#...### ##....


You could see 2 orcs.

Vanquished Creatures
  A jelly (D:4)
  2 orc priests (D:4)
  Ijyb (D:3)
  An orc wizard (D:4)
  A hound skeleton (D:4)
  A gnoll (D:3)
  4 adders
  A white imp (D:3)
  A worm (D:3)
  A dart slug (D:4)
  3 orcs (D:3)
  3 endoplasms (D:1)
  A giant cockroach (D:4)
  5 goblins
  4 hobgoblins
  6 jackals
  9 kobolds
  2 quokkas
  5 ball pythons
  6 bats
  8 frilled lizards
  4 rats
70 creatures vanquished.

Vanquished Creatures (others)
  4 withered plants (D:3)
4 creatures vanquished.

Grand Total: 74 creatures vanquished

Notes
Turn   | Place    | Note
-------+----------+-------------------------------------------
     0 | D:1      | Borgoz the Gargoyle Fighter began the quest for the Orb.
     0 | D:1      | Reached XP level 1. HP: 14/14 MP: 1/1
    88 | D:1      | Found a faded altar of an unknown god.
    89 | D:1      | Noticed a great orb of eyes
    95 | D:1      | Noticed a great orb of eyes
    98 | D:1      | Noticed a shining eye
    98 | D:1      | Noticed a shining eye
   130 | D:1      | Found Irchao's General Store.
   285 | D:1      | Reached XP level 2. HP: 18/19 MP: 2/2
  1059 | D:2      | Reached XP level 3. HP: 15/24 MP: 3/3
  2105 | D:3      | Reached XP level 4. HP: 27/29 MP: 4/4
  2613 | D:3      | Found an ancient bone altar of Kikubaaqudgha.
  2704 | D:3      | Found a bloodstained altar of Trog.
  2745 | D:3      | Found a shimmering blue altar of Sif Muna.
  2749 | D:3      | Got Sif Muna's Guide on Flames
  2980 | D:3      | Noticed Ijyb
  2983 | D:3      | Paralysed by Ijyb for 2 turns
  2995 | D:3      | Paralysed by Ijyb for 7 turns
  3017 | D:3      | Killed Ijyb
  3018 | D:3      | Reached skill level 1 in Dodging
  3018 | D:3      | Reached XP level 5. HP: 9/33 MP: 5/5
  3954 | D:4      | Found a glowing silver altar of Zin.
  4029 | D:4      | HP: 1/34 [orc priest (2)]
  4032 | D:4      | Reached XP level 6. HP: 21/39 MP: 6/6
  4037 | D:4      | HP: 1/39 [orc priest (5)]
  4039 | D:4      | Slain by an orc

Illustrated notes

Levels and vault maps discovered:
D:1:      saegor_arrival_simple_b, layout_basic, serial_shops, shop,
          hellmonk_ecumenical_altar_watching_god, minmay_split_cup_large
D:2:      layout_basic
D:3:      layout_basic, nzn_overflow_gifts_of_might_and_magic,
          kiku_gazebo_garden_becter, uniq_ijyb
D:4:      layout_layer_cave, mainiacjoe_overflow_chevrons,
          general_overflow_altar, serial_bayou_lake_a

Skill      XL: |  1  2  3  4 |
---------------+-------------+-----
Armour         | 4 |  4.7
Fighting       | 4 |  4.6
Maces & Flails | 3 |  3.3
Dodging        | 1 |  1.2
Shields        | |  3.8
Evocations     | |  0.5

Action                   |  1- 3 |  4- 6 || total
-------------------------+-------+-------++-------
Melee: Flail             |   136 |   145 ||   281
  Use: Scroll            |     1 |     3 ||     4
       Potion            |       |     4 ||     4
Armor: Scale mail        |    83 |    99 ||   182
Dodge: Dodged            |    51 |    79 ||   130
Block: Kite shield       |    91 |   106 ||   197
